 Dungeon Crawl Stone Soup version 0.19-a0-255-ge2f8e15 (webtiles) character file.

284 Steelers13 the Slasher (level 6, -3/79 HPs)
             Began as a Minotaur Berserker on May 24, 2016.
             Was a Believer of Trog.
             Slain by Pikel
             ... wielding a +2 whip of flaming
              (5 damage)
             ... on level 5 of the Dungeon.
             The game lasted 00:20:53 (3702 turns).

Steelers13 the Slasher (Minotaur Berserker)         Turns: 3702, Time: 00:20:54

Health: -3/79      AC:  9    Str: 28    XL:     6   Next: 7%
Magic:  5/5        EV: 10    Int:  4    God:    Trog [**....]
Gold:   139        SH:  0    Dex: 10    Spells: 0 memorised, 5 levels left

rFire  . . .     SeeInvis .     a - +0 falchion
rCold  . . .     Gourm    .     o - +0 chain mail {MR+}
rNeg   . . .     Faith    .     (no shield)
rPois  .         Spirit   .     (helmet restricted)
rElec  .         Dismiss  .     (no cloak)
rCorr  .         Reflect  .     (no gloves)
SustAt .         Harm     .     (no boots)
MR     +....                    (no amulet)
Stlth  ..........               (no ring)
                                j - ring of stealth

@: berserking (expiring), very quick, somewhat resistant to hostile
enchantments, extremely unstealthy
A: retaliatory headbutt, horns 2
a: Berserk, Trog's Hand, Burn Spellbooks, Renounce Religion


You were on level 5 of the Dungeon.
You worshipped Trog.
Trog was pleased with you.
You were very hungry.

You visited 1 branch of the dungeon, and saw 5 of its levels.

You collected 139 gold pieces.

Inventory:

Hand Weapons
 a - a +0 falchion (weapon)
 b - a +0 long sword
 k - a +0 hunting sling
 C - a +0 scimitar
 F - a +4 quarterstaff of chaos
 H - the +8 mace of the Rattle-Snake {vamp, Str+6, unknown}
   (You found it on level 4 of the Dungeon)

   It inflicts no extra harm, but heals its wielder somewhat when it strikes a
   living foe.
   It affects your strength (+6).
 I - the +5 whip "Minotaur's Doom" {slash, *Noise rPois Int+3, unknown}
   (You found it on level 4 of the Dungeon)

   It inflicts extra damage upon your enemies.
   It affects your intelligence (+3).
   It protects you from poison.
   It may make noises in combat.
Armour
 f - a +0 scale mail
 o - a +0 chain mail of magic resistance (worn)
 G - a +2 cloak
Jewellery
 j - a ring of stealth (left hand)
Wands
 D - a wand of flame (24/48)
Scrolls
 d - 7 scrolls of identify {unknown}
 e - 2 scrolls of fog {unknown}
 h - a scroll of remove curse {unknown}
 i - a scroll of enchant weapon {unknown}
 m - a scroll of recharging {unknown}
 n - a scroll of magic mapping {unknown}
 r - a scroll of fear {unknown}
 t - a scroll of teleportation {unknown}
 y - a scroll of amnesia {unknown}
Potions
 g - 2 potions of agility {unknown}
 l - a potion of lignification {unknown}
 p - 2 potions of cancellation {unknown}
 q - 3 potions of mutation {unknown}
 s - a potion of degeneration {unknown}
 v - a potion of might {unknown}
 w - a potion of curing {unknown}
 x - a potion of heal wounds {unknown}
 A - 2 potions of flight {unknown}
 B - a potion of ambrosia {unknown}
 E - a potion of resistance {unknown}
Comestibles
 c - 3 bread rations
 u - 2 meat rations
 z - 6 fruits


   Skills:
 + Level 4.7 Fighting
 + Level 5.1 Long Blades
 + Level 4.6 Armour
 + Level 3.8 Dodging
 + Level 0.8 Stealth


You had 5 spell levels left.
You didn't know any spells.

Dungeon Overview and Level Annotations

Branches:
Dungeon (5/15)
 Temple: D:4-7

Altars:
Hepliaklqana
Pakellas

Annotations:
D:5 Pikel


Innate Abilities, Weirdness & Mutations

You reflexively headbutt those who attack you in melee.
You have a pair of horns on your head.


Message History

You closely miss something. You headbutt something.
You feel the power of Trog in you as your rage grows.
Trog accepts your kill.
Trog appreciates your killing of a magic user.
Reactivating autopickup.
You feel a bit more experienced. The orc hits you but does no damage.
The orc hits you but does no damage. The slave closely misses you.
The slave hits you but does no damage. The orc hits you but does no damage.
You hear some strange, mumbled words.
A puff of flame appears from out of thin air!
Deactivating autopickup; reactivate with Ctrl-A.
The puff of flame hits you!
* * * LOW HITPOINT WARNING * * *
Items here: ) [[ † a dagger; a robe; an animal skin; an orc corpse You slash the orc!
You kill the orc!
Trog accepts your kill. Pikel hits you with a whip of flaming.
You die...

#........... .#
#..........#
..##..........#
...#.........>#
#............#
#..)<......#
#..........#
####...po$....#
.......@K.....#
####..p.....>.#
############


You could see Pikel, 2 slaves and an orc.

Vanquished Creatures
  2 slaves (D:5)
  An ogre (D:4)
  An orc wizard (D:5)
  Crazy Yiuf (D:4)
  An iguana (D:4)
  A worker ant (D:4)
  3 adders
  A river rat (D:4)
  2 worms
  A dart slug (D:3)
  2 giant geckos
  5 orcs
  2 giant cockroaches
  5 hobgoblins
  12 jackals
  6 bats
  9 giant newts
  5 goblins
  5 kobolds
  5 rats
70 creatures vanquished.

Vanquished Creatures (others)
  5 toadstools (D:1)
5 creatures vanquished.

Grand Total: 75 creatures vanquished

Notes
Turn   | Place    | Note
--------------------------------------------------------------
     0 | D:1      | Steelers13 the Minotaur Berserker began the quest for the Orb.
     0 | D:1      | Reached XP level 1. HP: 19/19 MP: 0/0
   280 | D:1      | Reached XP level 2. HP: 17/27 MP: 1/1
   322 | D:1      | Reached skill level 4 in Long Blades
   864 | D:2      | Found a faded altar to an unknown god.
   991 | D:2      | Reached XP level 3. HP: 28/33 MP: 2/2
  1579 | D:3      | Reached ** piety under Trog
  2057 | D:3      | Found an oddly glowing altar of Pakellas.
  2217 | D:3      | Found a hazy altar of Hepliaklqana.
  2319 | D:3      | Reached XP level 4. HP: 41/41 MP: 3/3
  3137 | D:4      | Noticed Crazy Yiuf
  3145 | D:4      | Killed Crazy Yiuf
  3155 | D:4      | Got a crystal mace
  3307 | D:4      | Got a shimmering whip
  3315 | D:4      | Reached XP level 5. HP: 34/47 MP: 4/4
  3363 | D:4      | Noticed an ogre
  3367 | D:4      | Killed an ogre
  3413 | D:4      | Found a sand-covered staircase.
  3592 | D:4      | Reached skill level 5 in Long Blades
  3683 | D:5      | Entered Level 5 of the Dungeon
  3683 | D:5      | Noticed Pikel
  3683 | D:5      | Noticed a slave
  3683 | D:5      | Noticed a slave
  3683 | D:5      | Noticed a slave
  3683 | D:5      | Noticed a slave
  3685 | D:5      | Reached XP level 6. HP: 47/53 MP: 5/5
  3693 | D:5      | Killed a slave
  3699 | D:5      | Killed a slave
  3701 | D:5      | HP: 2/79 [something/puff of flame (6)]
  3702 | D:5      | Slain by Pikel

Vault maps used:
D:1:      ldierk_walled_garden
D:2:      ecumenical_altar_2, corexii_item_surrounded_by_moat
D:3:      nicolae_overflow_crystal_walls, old_standard_altar, first_bread,
          lemuel_old_faithful
D:4:      enter_ossuary_5, portal_sewer_entry_b, uniq_crazy_yiuf_cottage
D:5:      temple_doors_c, grunt_pakellas_basics, uniq_pikel

Skill      XL: |  1  2  3  4  5 |
---------------+----------------+-----
Long Blades    | 4 5 |  5.1
Fighting       | 4 |  4.7
Dodging        | 3 |  3.8
Armour         | 3 4 |  4.6
Stealth        | |  0.8

Action                   |  1- 3 |  4- 6 || total
-------------------------+-------+-------++-------
Melee: Falchion          |    86 |    45 ||   131
       Headbutt          |    13 |    11 ||    24
       Hunting sling     |     9 |       ||     9
       Long sword        |     2 |    13 ||    15
       Scimitar          |       |     8 ||     8
Invok: Berserk           |       |     2 ||     2
  Eat: Chunk             |     4 |     5 ||     9
Armor: Animal skin       |    11 |       ||    11
       Scale mail        |    17 |       ||    17
       Chain mail        |    34 |    46 ||    80
Dodge: Dodged            |   104 |    54 ||   158
